 Dungeon Crawl Stone Soup version 0.28-a0-1506-g3893175d92 (webtiles) character file.

Game seed: 12481971337097081039

8 knot the Chopper (level 2, 24/24 HPs)
             Began as a Demonspawn Berserker on Jan 14, 2022.
             Was a Follower of Trog.
             Quit the game on level 1 of the Dungeon.
             The game lasted 00:00:19 (334 turns).

knot the Chopper (Demonspawn Berserker)              Turns: 334, Time: 00:00:20

Health: 24/24      AC:  2    Str: 17    XL:     2   Next: 0%
Magic:  2/2        EV: 12    Int:  8    God:    Trog [*.....]
Gold:   30         SH:  0    Dex: 12    Spells: 1/1 levels left

rFire   . . .      SeeInvis .   a - +0 hand axe
rCold   . . .      Faith    .   (no shield)
rNeg    + . .      Spirit   .   b - +0 animal skin
rPois   .          Reflect  .   (no helmet)
rElec   .          Harm     .   (no cloak)
rCorr   .          Rampage  .   (no gloves)
Will    .....                   (no boots)
Stlth   +.........              (no amulet)
HPRegen 0.08/turn               e - ring of positive energy
MPRegen 0.08/turn               (no ring)

@: no status effects
A: demonic guardian 1
a: Renounce Religion, Berserk


You were on level 1 of the Dungeon.
You worshipped Trog.
Trog was aware of your devotion.
You visited 1 branch of the dungeon, and saw 1 of its levels.

You collected 30 gold pieces.

Inventory:

Hand Weapons
 a - a +0 hand axe (weapon)
Missiles
 c - 4 stones (quivered)
Armour
 b - a +0 animal skin (worn)
Jewellery
 e - a ring of positive energy (left hand)
Potions
 d - a potion of curing {unknown}


   Skills:
 - Level 3.0 Fighting
 + Level 3.2 Axes
 - Level 1.7 Armour
 - Level 1.7 Dodging


You had one spell level left.
You didn't know any spells.
Your spell library was empty.

Dungeon Overview and Level Annotations

Branches:
Dungeon (1/15)

Altars:


Innate Abilities, Weirdness & Mutations

A weak demonic guardian rushes to your aid.


Message History

No target in view!
No target in view!
You enter the shallow water.
Moving in this stuff is going to be slow.
You now have 26 gold pieces (gained 1).
You now have 27 gold pieces (gained 1).
There is a faded altar of an unknown god here.
You enter the shallow water.
Moving in this stuff is going to be slow.
You now have 28 gold pieces (gained 1).
You now have 29 gold pieces (gained 1).
There is a faded altar of an unknown god here.
You enter the shallow water.
Moving in this stuff is going to be slow.
You now have 30 gold pieces (gained 1).
A kobold comes into view. It is wielding a +0 dagger.
A kobold is nearby!
A kobold is nearby!
A rat comes into view.
The kobold hits you with a +0 dagger.
The rat moves out of view.
You slash the kobold!
You kill the kobold!
Trog accepts your kill.
Things that are here:
a +0 dagger; a kobold corpse A rat is nearby!
A rat is nearby!
A rat is nearby!
You barely miss the rat. The rat misses you.
You closely miss the rat. The rat closely misses you.
The rat completely misses you.
A rat is nearby!
A rat is nearby!
You hit the rat.
You kill the rat!
Trog accepts your kill.
You have reached level 2!
Your demonic ancestry asserts itself...
You feel the presence of a demonic guardian.
Are you sure you want to abandon this character and quit the game? (Confirm with "yes".)

#######.........#..# #....##
#...........#.##... ........
#.#####.......#...###.#####.
#.###.###...# #. .
#.###.###...# ####........#
##.......# #)###.... #@# #.#
. #†# # # ..# .... ...##
.... ..... ......


There were no monsters in sight!

Vanquished Creatures
  2 kobolds (D:1)
  A bat (D:1)
  A frilled lizard (D:1)
  6 rats (D:1)
10 creatures vanquished.

Notes
Turn   | Place    | Note
-------+----------+-------------------------------------------
     0 | D:1      | knot the Demonspawn Berserker began the quest for the Orb.
     0 | D:1      | Reached XP level 1. HP: 18/18 MP: 1/1
   251 | D:1      | Found a faded altar of an unknown god.
   334 | D:1      | Gained mutation: A weak demonic guardian rushes to your
                  | aid. [demonic ancestry]
   334 | D:1      | Reached XP level 2. HP: 24/24 MP: 2/2
   334 | D:1      | Quit the game

Illustrated notes

Levels and vault maps discovered:
D:1:      saegor_arrival_under_anarchy, layout_basic,
          hellmonk_ecumenical_altar_pennies_from_heaven, st_stairs_14

Skill      XL: |  1 |
---------------+----+-----
Axes           | 3 |  3.2
Fighting       | |  3.0
Armour         | |  1.7
Dodging        | |  1.7

Action                   || total
-------------------------++-------
Melee: Hand axe          ||    16
Armor: Animal skin       ||     4
Dodge: Dodged            ||     7

Table legend: (Time is in decaauts)
 A = Elapsed time spent in this place.
 B = Non-inter-level travel time spent in this place.
 C = Inter-level travel time spent in this place.
 D = Time resting spent in this place.
 E = Time spent auto-exploring this place.
 F = Levels seen in this place.
 G = Mean time per level.
                   A        B        C        D        E       F      G
               +--------+--------+--------+--------+--------+-----+--------+
         Total |    339 |    339 |      0 |      0 |    277 |   1 |  339.0 |
       Dungeon |    339 |    339 |      0 |      0 |    277 |   1 |  339.0 |
               +--------+--------+--------+--------+--------+-----+--------+

Top non-repeatable levels by time:
     D:1: 339 daAuts
